[Event "Turkish Youth Teams U18 2024"]
[Site "Karaman"]
[Date "2024.04.21"]
[Round "3"]
[White "Yildiz, Elif Zeren"]
[Black "Ozgor, Ezel"]
[Result "1-0"]
[ECO "C02"]
[WhiteElo "1926"]
[BlackElo "1741"]
[Annotator "TA"]
[PlyCount "87"]
[EventDate "2024.04.21"]
[EventType "team-tourn"]
[EventCountry "TUR"]
[SourceTitle "playchess.com"]
[Source "ChessBase"]
[SourceQuality "1"]
[TimeControl "5400+30"]

1. e4 c5 2. Nf3 e6 3. c3 d5 4. e5 Nc6 5. d4 cxd4 6. cxd4 Qb6 7. Bd3 Bd7 8. Bc2 Rc8 (8... Nb4 $11) 9. Nc3 $14 Nb4 10. Bb1 Ne7 11. O-O {[%emt 0:01:30] White is slightly better.} Nec6 ({Black should try} 11... Nbc6 $14) 12. a3 $16 Na6 13. Na4 Qd8 14. b4 {[%emt 0:01:30] Repels Na5. Strongly threatening b5.} b5 15. Nc5 Nxc5 16. bxc5 Be7 17. Bd3 a6 18. Re1 g5 19. Bb2 Na5 (19... g4 $142) 20. Nd2 h5 21. Bc3 {[%emt 0:03:30][%cal Oa3a4] White is more active.} Nc4 22. Nb3 Bc6 {[%emt 0:01:30] [#]} (22... Rb8 $16) 23. Re2 ({Better is} 23. a4 $1 $18) 23... Kd7 (23... Rb8 $16) 24. Qe1 Rh6 (24... Rb8 {is a better defense.} 25. Na5 Nxa5) 25. Na5 $18 Nxa5 (25... Ba8 {keeps fighting.} 26. a4 Ke8 27. axb5 axb5) 26. Bxa5 Qg8 {[%emt 0:01:30] [#]} 27. a4 $1 bxa4 28. Bxa6 Ra8 29. Bd3 f6 30. Qb4 Qb8 31. Bb6 Bd8 $2 (31... g4 {is a better chance.} 32. Rea2 (32. Bb5 $2 Qxb6 33. Bxc6+ Qxc6 $19) 32... fxe5) 32. Bb5 Qb7 (32... Bxb5 $142 33. Qxb5+ Ke7 34. Bxd8+ (34. Rxa4 Bxb6 35. cxb6 Rxa4 $11) 34... Kxd8) 33. Bxa4 Bxb6 34. cxb6 fxe5 35. dxe5 {[%emt 0:01:30] Qd6+ would kill now.} Rxa4 36. Rxa4 Bxa4 37. Qxa4+ {[%emt 0:00:30] KQR-KQR} Kd8 38. Qb4 Qe7 39. Qa5 Qb7 40. Rc2 Rh7 41. Qc5 {[%emt 0:00:00] White threatens Qd6+ and mate. White is clearly winning.} Re7 42. Qd6+ (42. Ra2 $142 Qc8 43. Qxc8+ Kxc8 44. Ra8+ Kb7 45. Ra7+ Kxb6 46. Rxe7) 42... Ke8 43. h3 h4 44. Kh2 {[%emt 0:02:30] White took control after the opening.   Weighted Error Value: White=0.24 (precise) /Black=0.73.  Mistake:       	White=1     	Black=8      Inaccurate:     	---       	Black=3      OK:         	White=8     	Black=7      Best:        	White=3     	---} 1-0

[Event "Turkish Youth Teams U18 2024"]
[Site "Karaman"]
[Date "2024.04.21"]
[Round "3"]
[White "Yildiz, Egehan"]
[Black "Akkaya, Yigit"]
[Result "1-0"]
[ECO "D45"]
[WhiteElo "1912"]
[BlackElo "1700"]
[Annotator "TA"]
[PlyCount "103"]
[EventDate "2024.04.21"]
[EventType "team-tourn"]
[EventCountry "TUR"]
[SourceTitle "playchess.com"]
[Source "ChessBase"]
[SourceQuality "1"]
[TimeControl "5400+30"]

1. d4 Nf6 2. c4 e6 3. Nf3 d5 4. Nc3 c6 5. e3 Nbd7 6. Be2 Bb4 7. O-O O-O 8. Qc2 Qe7 9. b3 e5 10. dxe5 Nxe5 {[%emt 0:01:30] The position is equal.} 11. cxd5 cxd5 ({Better is} 11... Bf5 $11 12. Qxf5 Bxc3) 12. Bb2 $14 Neg4 (12... Nc6 $14) 13. h3 $16 Nh6 14. a3 Bd6 15. Bd3 Be6 16. Rfd1 (16. Ng5 $16) 16... Rac8 $14 17. Qe2 Rfd8 18. b4 Kh8 19. Rac1 Bb8 20. Nb5 Ne4 21. Nbd4 f6 ({Black should try} 21... Bd7 $14) 22. Nxe6 $16 Qxe6 23. Bb1 Nf5 24. Rxc8 Qxc8 25. Qc2 Qxc2 26. Bxc2 Bc7 27. Bb3 Ne7 28. Nd4 {[%emt 0:00:13] Hoping for Ne6.} Be5 29. f3 Ng5 30. f4 Bxd4 31. Bxd4 (31. exd4 $6 Ne4 $11) 31... Ne4 32. Bxa7 {[%emt 0:00:30] A strong pair of Bishops.} Ra8 33. Bc5 ({White should play} 33. Bxd5 $16 Nc3 (33... Nxd5 $2 34. Rxd5 Kg8 35. Bd4 $18) 34. Bxb7 Rxa7 35. Rd8+ (35. Rd7 Ng8 $11) 35... Ng8 36. Bf3) 33... Rxa3 $11 {[%emt 0:01:02] ...Nxc5 would now be deadly.} 34. Bxe7 Nc3 $2 {[%emt 0:00:41][%mdl 8192] This move loses the game for Black.} (34... Rxb3 $11 35. Rxd5 Kg8) 35. Rxd5 $18 Nxd5 36. Bxd5 b6 37. e4 Ra7 38. Bd8 Ra4 39. b5 f5 40. Bxb6 {[%emt 0:01:00] [#] Threatens to win with Be3.} ({Worse is} 40. exf5 Rd4 $17) 40... fxe4 41. Be3 {[%emt 0:00:05] b6 would kill now.} Ra5 42. Bc6 {[%emt 0:00:48][%cal Ob5b6] Intending b6! and mate.} Ra1+ 43. Kf2 Ra2+ 44. Ke1 {[%emt 0:00:20] [#] aiming for b6.} Rxg2 45. b6 {[%emt 0:00:30] White mates.} Rb2 46. b7 Rb1+ 47. Kd2 Rb2+ 48. Kc3 Rb1 49. Ba7 e3 50. b8=Q+ Rxb8 51. Bxb8 e2 52. Kd2 {[%emt 0:00:00] Weighted Error Value: White=0.17 (very precise) /Black=0.34.  Loses game:     	---       	Black=1      Mistake:       	White=2     	Black=3      Inaccurate:     	White=2     	Black=3      OK:         	White=11    	Black=8      Best:        	White=3     	Black=4} 1-0

[Event "Turkish Youth Teams U18 2024"]
[Site "Karaman"]
[Date "2024.04.21"]
[Round "3"]
[White "Tezcan, Alper"]
[Black "Dirikolu, Deniz"]
[Result "1/2-1/2"]
[ECO "C56"]
[WhiteElo "1894"]
[BlackElo "1890"]
[Annotator "NA RC COMBH"]
[PlyCount "63"]
[EventDate "2024.04.21"]
[EventType "team-tourn"]
[EventCountry "TUR"]
[SourceTitle "playchess.com"]
[Source "ChessBase"]
[SourceQuality "1"]
[TimeControl "5400+30"]

1. e4 e5 2. Nf3 Nc6 3. d4 exd4 4. Bc4 Nf6 5. e5 d5 6. Bb5 Nd7 7. O-O Be7 8. Bxc6 bxc6 9. Nxd4 Nxe5 10. Re1 c5 11. Rxe5 cxd4 12. Qxd4 Be6 13. Re1 O-O 14. Bf4 c5 15. Qd1 Qb6 16. b3 Rad8 17. Nd2 Qb4 18. Be5 Qh4 19. Bg3 Qh6 20. Nf3 d4 21. Ne5 Bg5 22. Nf3 Bf6 23. Be5 Rd5 24. Qd3 Be7 25. Qa6 Qg6 26. Bg3 Bf6 27. Rac1 Rf5 28. Qd3 Bd5 29. Ne5 Bxe5 30. Rxe5 Rxe5 31. Qxg6 hxg6 32. Bxe5 1/2-1/2

[Event "Turkish Youth Teams U18 2024"]
[Site "Karaman"]
[Date "2024.04.21"]
[Round "3"]
[White "Karadas, Hena"]
[Black "Aslan, Ela"]
[Result "0-1"]
[ECO "C00"]
[WhiteElo "1775"]
[BlackElo "1659"]
[Annotator "NA RC COMBH"]
[PlyCount "54"]
[EventDate "2024.04.21"]
[EventType "team-tourn"]
[EventCountry "TUR"]
[SourceTitle "playchess.com"]
[Source "ChessBase"]
[SourceQuality "1"]
[TimeControl "5400+30"]

1. e4 c5 2. Nf3 e6 3. d3 d5 4. Nbd2 Nc6 5. g3 Nf6 6. Bg2 Be7 7. O-O Qc7 8. Re1 b6 9. h4 Bb7 10. c3 h6 11. a3 O-O-O 12. b4 Rdg8 13. Nf1 dxe4 14. dxe4 Nd7 15. bxc5 Nxc5 16. Nd4 Rd8 17. Qc2 Ne5 18. Be3 Ba6 19. Nd2 Ng4 20. Bf3 h5 21. Bxg4 hxg4 22. a4 Bxh4 23. gxh4 Rxh4 24. Nf1 Rdh8 25. e5 Qb7 26. f3 Rh1+ 27. Kf2 Nd3+ 0-1

[Event "Turkish Youth Teams U18 2024"]
[Site "Karaman"]
[Date "2024.04.21"]
[Round "3"]
[White "Camci, Kayra"]
[Black "Ozkeskin, Nazim Efe"]
[Result "1/2-1/2"]
[ECO "B15"]
[WhiteElo "1770"]
[BlackElo "1926"]
[Annotator "TA"]
[PlyCount "72"]
[EventDate "2024.04.21"]
[EventType "team-tourn"]
[EventCountry "TUR"]
[SourceTitle "playchess.com"]
[Source "ChessBase"]
[SourceQuality "1"]
[TimeControl "5400+30"]

1. e4 c6 2. d4 d5 3. Nc3 dxe4 4. Nxe4 Nf6 5. Nxf6+ exf6 6. Bd3 (6. c3 $142) 6... Qxd4 $11 7. Nf3 Qb6 8. O-O Be6 9. Re1 (9. Qe2 $11 {keeps the balance.}) 9... Bc5 $17 10. Be3 Bxe3 11. Rxe3 Nd7 (11... Qxb2 $2 12. Bc4 O-O 13. Bxe6 $18) 12. Nd4 Ne5 (12... Qxd4 13. Rxe6+ Kf8 (13... fxe6 $2 14. Bg6+ hxg6 15. Qxd4 $18) 14. Re4 $11) (12... O-O-O $5 13. Nxe6 fxe6 $15) 13. Nxe6 fxe6 14. Rxe5 fxe5 15. Qh5+ Kd8 (15... Ke7 $1 $15 16. Qg5+ Kf7) 16. Qg5+ $14 Kc8 17. Qxg7 Rd8 18. Qxe5 {[%emt 0:01:00] Black is weak on the light squares} c5 (18... Qd4 $142 19. Re1 h5 (19... Qxe5 20. Rxe5 Kc7 21. g3 $16)) 19. Bxh7 {[%emt 0:04:30] White is more active.} Qd6 20. Qxd6 Rxd6 $16 {[%emt 0:00:00][%mdl 4096] Endgame. KRR-KRB} 21. Bd3 Rd4 {[%emt 0:01:00] [#]} 22. b3 $1 Kd7 23. Re1 Rh8 24. Re4 (24. g3 $16) 24... Rxe4 $14 25. Bxe4 {[%emt 0:00:30] KR-KB} b5 26. f4 (26. Bd3 $14) 26... e5 27. Bd3 ({White should play} 27. fxe5 $11 Ke6 28. Bd3) 27... exf4 {[%emt 0:00:30] next ...Kc6 is good for Black.} 28. Bxb5+ {[%emt 0:00:30] The position is equal.} Ke6 29. h3 {[%emt 0:00:30] [#]} f3 $1 30. gxf3 Rxh3 31. Kg2 Rh4 32. Kg3 Rd4 33. f4 Kf5 34. Bd3+ Kf6 35. Kg4 a5 36. a4 Rd8 {[%emt 0:01:00] Weighted Error Value: White=0.18 (very precise) /Black=0.17 (very precise) .  Mistake:       	White=4     	Black=2      Inaccurate:     	White=1     	Black=4      OK:         	White=11    	Black=8      Best:        	White=5     	Black=3      Strong:       	White=1     	---} 1/2-1/2

[Event "Turkish Youth Teams U18 2024"]
[Site "Karaman"]
[Date "2024.04.21"]
[Round "3"]
[White "Sadik, Muhammed Selim"]
[Black "Basdar, Atakan"]
[Result "0-1"]
[ECO "E73"]
[WhiteElo "1737"]
[BlackElo "1808"]
[Annotator "NA RC COMBH"]
[PlyCount "106"]
[EventDate "2024.04.21"]
[EventType "team-tourn"]
[EventCountry "TUR"]
[SourceTitle "playchess.com"]
[Source "ChessBase"]
[SourceQuality "1"]
[TimeControl "5400+30"]

1. d4 Nf6 2. c4 g6 3. Nc3 Bg7 4. e4 d6 5. Be2 O-O 6. Be3 Nbd7 7. g4 e5 8. d5 Nc5 9. f3 a5 10. Qd2 Ne8 11. O-O-O f5 12. Nh3 f4 13. Bg1 h5 14. Nf2 hxg4 15. Nxg4 Bxg4 16. fxg4 f3 17. Bd3 Nxd3+ 18. Qxd3 f2 19. h4 fxg1=Q 20. Rdxg1 Nf6 21. h5 Bh6+ 22. g5 Nxh5 23. gxh6 Kh7 24. Qe2 Qf6 25. Rg4 Qf3 26. Rhg1 Qxe2 27. Nxe2 Rf6 28. Ng3 Kxh6 29. Nxh5 gxh5 30. R4g2 Raf8 31. Kd1 Rf1+ 32. Rxf1 Rxf1+ 33. Ke2 Rf4 34. Ke3 h4 35. Rg8 Rf7 36. b3 Kh5 37. Rh8+ Kg4 38. Rg8+ Kh3 39. Rh8 Kg3 40. Rg8+ Kh2 41. Rh8 h3 42. Rg8 b6 43. Rg4 Kh1 44. Ke2 h2 45. a3 Rh7 46. b4 Rh3 47. bxa5 bxa5 48. Rg7 Rxa3 49. Kf2 Ra2+ 50. Kf1 a4 51. Rxc7 a3 52. Ra7 Ra1+ 53. Kf2 a2 0-1

[Event "Turkish Youth Teams U18 2024"]
[Site "Karaman"]
[Date "2024.04.21"]
[Round "3"]
[White "Buyuk, Elvin Esma"]
[Black "Iyican, Sude"]
[Result "1/2-1/2"]
[ECO "A02"]
[WhiteElo "1708"]
[BlackElo "1562"]
[Annotator "NA RC COMBH"]
[PlyCount "65"]
[EventDate "2024.04.21"]
[EventType "team-tourn"]
[EventCountry "TUR"]
[SourceTitle "playchess.com"]
[Source "ChessBase"]
[SourceQuality "1"]
[TimeControl "5400+30"]

1. f4 g6 2. Nf3 Bg7 3. g3 c5 4. Bg2 Nc6 5. O-O e6 6. d3 Nge7 7. Nbd2 O-O 8. Nc4 d5 9. Nce5 Qc7 10. Nxc6 Nxc6 11. c3 d4 12. Qc2 Bd7 13. e4 dxe3 14. Bxe3 Ne7 15. Qf2 Rac8 16. Ne5 Bb5 17. Rfd1 Nf5 18. d4 Nxe3 19. Qxe3 cxd4 20. Rxd4 a5 21. a4 Bxe5 22. fxe5 Bc6 23. Bxc6 Qxc6 24. Rd6 Qc5 25. Re1 b5 26. axb5 Qxb5 27. Qe2 Rb8 28. Qxb5 Rxb5 29. Re2 Rfb8 30. Rdd2 Rc5 31. Rd4 Rbb5 32. Rde4 Rb6 33. Rd4 1/2-1/2

[Event "Turkish Youth Teams U18 2024"]
[Site "Karaman"]
[Date "2024.04.21"]
[Round "3"]
[White "Saskin, Ayaz"]
[Black "Bozdag, Armagan Emre"]
[Result "1/2-1/2"]
[ECO "B22"]
[WhiteElo "1696"]
[BlackElo "1716"]
[Annotator "NA RC COMBH"]
[PlyCount "147"]
[EventDate "2024.04.21"]
[EventType "team-tourn"]
[EventCountry "TUR"]
[SourceTitle "playchess.com"]
[Source "ChessBase"]
[SourceQuality "1"]
[TimeControl "5400+30"]

1. e4 c5 2. c3 d5 3. exd5 Qxd5 4. d4 Nf6 5. Nf3 e6 6. Be3 cxd4 7. cxd4 Nc6 8. Nc3 Qd6 9. a3 Be7 10. Bc4 a6 11. b4 Qc7 12. Qb3 b5 13. Be2 Bb7 14. Rc1 Rc8 15. O-O O-O 16. Rfd1 Rfd8 17. Ng5 Nd5 18. Nxd5 Rxd5 19. Ne4 Rcd8 20. Bf3 R5d7 21. Nc5 Bxc5 22. Rxc5 Qd6 23. h3 Ne7 24. Bxb7 Rxb7 25. Qc2 Rbd7 26. Qc1 Qb8 27. Bf4 Qb7 28. Bc7 Rc8 29. Bf4 Rcd8 30. Bc7 Rc8 31. Bf4 Re8 32. Qc2 Nd5 33. Be3 Ne7 34. Bf4 Nd5 35. Be3 Red8 36. Rc1 Nb6 37. Rc7 Qd5 38. Rc5 Qa8 39. Qb3 Qe4 40. Re5 Qb7 41. Rec5 Nc4 42. a4 h6 43. a5 Qe4 44. Qc2 Qxc2 45. Rxc2 f5 46. Rc6 Rd6 47. Rc7 g5 48. g3 R8d7 49. Rxd7 Rxd7 50. h4 gxh4 51. gxh4 Rg7+ 52. Kh2 Rg4 53. Kh3 Kh7 54. Rc3 Re4 55. Rxc4 bxc4 56. b5 Rxe3+ 57. fxe3 c3 58. bxa6 c2 59. a7 c1=Q 60. a8=Q Qxe3+ 61. Kh2 Qf4+ 62. Kg2 Qg4+ 63. Kf1 Qd1+ 64. Kg2 Qe2+ 65. Kg3 Qg4+ 66. Kh2 Qxh4+ 67. Kg2 Qg4+ 68. Kf1 Qd1+ 69. Kg2 Qd2+ 70. Kf1 Qd1+ 71. Kg2 Qe2+ 72. Kh1 f4 73. Qb7+ Kh8 74. Qa8+ 1/2-1/2

[Event "Turkish Youth Teams U18 2024"]
[Site "Karaman"]
[Date "2024.04.21"]
[Round "3"]
[White "Gul, Servet"]
[Black "Yalcinkaya, Efe"]
[Result "0-1"]
[ECO "B23"]
[WhiteElo "1694"]
[BlackElo "2033"]
[Annotator "TA"]
[PlyCount "66"]
[EventDate "2024.04.21"]
[EventType "team-tourn"]
[EventCountry "TUR"]
[SourceTitle "playchess.com"]
[Source "ChessBase"]
[SourceQuality "1"]
[TimeControl "5400+30"]

1. e4 c5 2. Nc3 Nc6 3. f4 g6 4. Nf3 Bg7 5. Bb5 Nd4 6. Nxd4 cxd4 7. Ne2 a6 8. Bd3 d6 9. c3 dxc3 10. dxc3 Nf6 {[%emt 0:03:30] The position is equal.} 11. h3 O-O 12. Be3 b5 13. Bd4 (13. O-O $11) 13... Bb7 (13... e5 $5 14. fxe5 dxe5 15. Bxe5 Re8 $15) 14. Bxf6 (14. O-O $15) 14... Bxf6 15. O-O Qb6+ 16. Kh2 Rac8 {[%emt 0:06:30] Black is more active.} 17. Qb3 Bc6 18. a4 Qb7 19. Qb4 Rb8 (19... bxa4 20. Qxb7 Bxb7 21. Rxa4 $15) 20. a5 Bg7 21. Rf2 e5 22. f5 Bh6 {[%emt 0:01:30] This pair of bishops is nice.} 23. Rf3 {[%emt 0:03:30] Dodges Be3} d5 24. exd5 Bxd5 25. Rg3 $2 {[%emt 0:00:05][%mdl 8192] [#] This move loses the game for White.} (25. Qh4 $17 Bg7 (25... Bxf3 26. Qxh6 Kh8 27. gxf3 $17) 26. Re3) 25... e4 $19 26. Bc2 Bc4 27. fxg6 hxg6 (27... Bxe2 28. gxf7+ (28. gxh7+ Kh8 $11) 28... Kxf7 29. Qd6 $18) 28. Bb3 Bxe2 (28... Qc7 $142 29. Rf1 Bg7 (29... Bxe2 $2 30. Qxe4 Bc4 31. Bxc4 $19)) 29. Rxg6+ Kh7 30. Rf6 (30. Rxh6+ Kxh6 31. Qd6+ Kh7 32. Bd5) 30... Qc7+ {[%emt 0:04:30] Black is clearly winning.} 31. Kh1 Bc4 {[%emt 0:00:30] ...Rg8 is the strong threat.} ({Not} 31... Qe5 32. Rxa6 Rbd8 33. Rc6 $19) 32. Bc2 Rfe8 {[%emt 0:05:30] [#] Threatens to win with ...Bf8.} 33. b3 (33. Qd6 $142 Qxd6 34. Rxd6) 33... Bf8 {[%emt 0:00:00] Weighted Error Value: White=0.56/Black=0.27 (precise) .  Loses game:     	White=1     	---        Mistake:       	White=4     	Black=1      Inaccurate:     	White=2     	Black=2      OK:         	White=9     	Black=5      Best:        	White=1     	Black=3} 0-1

[Event "Turkish Youth Teams U18 2024"]
[Site "Karaman"]
[Date "2024.04.21"]
[Round "3"]
[White "Acar, Zeynep"]
[Black "Buyuk, Ecrin Efsa"]
[Result "1/2-1/2"]
[ECO "D13"]
[WhiteElo "1671"]
[BlackElo "1949"]
[Annotator "TA"]
[PlyCount "132"]
[EventDate "2024.04.21"]
[EventType "team-tourn"]
[EventCountry "TUR"]
[SourceTitle "playchess.com"]
[Source "ChessBase"]
[SourceQuality "1"]
[TimeControl "5400+30"]

1. d4 d5 2. c4 c6 3. Nc3 Nf6 4. cxd5 cxd5 5. Nf3 Nc6 6. Ne5 Qb6 7. e3 e6 8. Bd3 Bd6 (8... Nxe5 $11 9. dxe5 Nd7) 9. f4 $14 a6 10. O-O Qc7 11. Bd2 O-O 12. Qe2 Ne7 13. g4 g6 14. Be1 Nd7 15. h4 ({Better is} 15. Rc1 $16) 15... f6 $14 16. Nxd7 Bxd7 17. Qg2 Bc6 18. g5 fxg5 19. hxg5 Nf5 20. Bd2 Qb6 21. Qf2 Bb4 22. Rae1 Nd6 (22... Bxc3 $15 23. Bxc3 Bb5) 23. a3 Bxc3 $1 24. Bxc3 Bb5 25. Bxb5 axb5 26. Bb4 Ne4 27. Qg2 Rfc8 28. Rc1 Qd8 29. Qh3 Qd7 30. Kg2 Ra6 31. Kf3 Rac6 32. Qh1 (32. Rxc6 $11 {remains equal.} Rxc6 33. Rg1) 32... Qc7 (32... Qf7 $1 $17 33. Rxc6 Rxc6) 33. Rxc6 $11 Qxc6 34. Qh3 (34. Rg1 {seems wilder.} Qc2 35. Qg2 Qc7 36. Bc3) 34... Qd7 35. Qg2 Rc6 36. Re1 Qc8 37. Re2 Rc4 38. Qh3 Rc1 39. Rh2 Qd7 40. Qh6 Qf7 41. Re2 Qf5 42. Qh4 $2 {[%emt 0:02:26][%mdl 8192] [#]} (42. Rg2 $15) 42... Rg1 $2 (42... Nxg5+ $1 $19 43. Kg3 (43. Qxg5 $2 {is the wrong capture.} Qh3+ 44. Qg3 Rf1+ 45. Rf2 Qh5+ 46. Qg4 Rxf2+ 47. Kxf2 Qxg4 $19) 43... Qe4 44. Qxg5 (44. fxg5 $2 {leads to mate.} Rg1+) 44... Rg1+ 45. Kf2 Rxg5 46. fxg5 Qf5+ 47. Ke1 Qxg5) 43. Rg2 $15 Rf1+ 44. Ke2 Rb1 45. Kf3 Rc1 46. Qh2 $2 (46. Re2 $11) 46... Rf1+ 47. Ke2 Rc1 48. Kf3 $1 Rc6 $2 (48... e5 $19 {Hoping for ...exf4.} 49. dxe5 Rf1+ 50. Ke2 Rb1) 49. Qh6 $11 Nd6 50. Rh2 Qe4+ 51. Kg4 Qf5+ 52. Kf3 Qf7 53. Bxd6 Rxd6 54. Rc2 Qd7 55. Qh2 Rc6 56. Qd2 Qc8 (56... Rc4 $11) 57. Rxc6 $16 bxc6 (57... Qxc6 $16 58. Qb4 Qc1) 58. Qb4 (58. Qa5 $18) 58... Qc7 $16 59. b3 (59. Qc5 $16) 59... Kf7 (59... Qf7 $1 $11) 60. a4 Qb7 {[%emt 0:00:15] [#]} (60... bxa4 $16 {is a better defense.} 61. bxa4 Qa7) 61. a5 $1 $18 Qa6 62. Qc3 $2 (62. Kg4 $18) 62... b4 $1 $11 63. Qxb4 Qf1+ 64. Kg3 Qg1+ 65. Kf3 Qf1+ 66. Kg3 Qa6 $2 (66... Qg1+ $11 {and Black has nothing to worry.} 67. Kf3 Qf1+) 1/2-1/2

[Event "Turkish Youth Teams U18 2024"]
[Site "Karaman"]
[Date "2024.04.21"]
[Round "3"]
[White "Pehlivan, Meric"]
[Black "Eracar, Ali Arda"]
[Result "1-0"]
[ECO "B96"]
[WhiteElo "1558"]
[BlackElo "1738"]
[Annotator "NA RC COMBH"]
[PlyCount "111"]
[EventDate "2024.04.21"]
[EventType "team-tourn"]
[EventCountry "TUR"]
[SourceTitle "playchess.com"]
[Source "ChessBase"]
[SourceQuality "1"]
[TimeControl "5400+30"]

1. e4 c5 2. Nf3 d6 3. d4 cxd4 4. Nxd4 Nf6 5. Nc3 a6 6. Bg5 e6 7. f4 h6 8. Bh4 Qb6 9. Qd2 Qxb2 10. Rb1 Qa3 11. Bxf6 gxf6 12. Be2 Be7 13. f5 Nc6 14. Nxc6 bxc6 15. O-O Kd8 16. Kh1 Kc7 17. Bh5 Rf8 18. Rf3 Qc5 19. Qxh6 Bd7 20. Qe3 Qxe3 21. Rxe3 c5 22. Rg3 Rab8 23. Rxb8 Kxb8 24. Rg7 exf5 25. Bxf7 Bc8 26. Bg6 Bd8 27. exf5 Bb7 28. h4 Ba5 29. Ne2 Bd2 30. Kh2 d5 31. g3 d4 32. Re7 Bf3 33. Bf7 Be3 34. Nf4 Bd1 35. Nd3 Rc8 36. Bd5 Rc7 37. Re8+ Rc8 38. Rxc8+ Kxc8 39. Nxc5 Bxc2 40. Bb7+ Kc7 41. Bxa6 Bxf5 42. Nd3 Be6 43. a4 Kb6 44. Bb5 Bb3 45. Kg2 Bd1 46. Nf2 Bc2 47. Ng4 Be4+ 48. Kf1 Bc1 49. Nxf6 Bf3 50. g4 Bf4 51. g5 Bd1 52. Nd5+ Kc5 53. Nxf4 Kd6 54. h5 Ke7 55. h6 Bc2 56. Bd3 1-0

[Event "Turkish Youth Teams U18 2024"]
[Site "Karaman"]
[Date "2024.04.21"]
[Round "3"]
[White "Aydin, Erem"]
[Black "Mullakutukcu, Ela"]
[Result "1/2-1/2"]
[ECO "D00"]
[WhiteElo "1546"]
[BlackElo "1693"]
[Annotator "NA RC COMBH"]
[PlyCount "53"]
[EventDate "2024.04.21"]
[EventType "team-tourn"]
[EventCountry "TUR"]
[SourceTitle "playchess.com"]
[Source "ChessBase"]
[SourceQuality "1"]
[TimeControl "5400+30"]

1. d4 d5 2. e3 Nf6 3. f4 c5 4. c3 Nc6 5. Nf3 Bg4 6. Bd3 e6 7. O-O Bd6 8. Nbd2 Bf5 9. Bxf5 exf5 10. Ne5 O-O 11. Ndf3 c4 12. b3 Na5 13. bxc4 Nxc4 14. Nxc4 dxc4 15. Ne5 b5 16. a4 a6 17. Ba3 Ne4 18. Qc2 Qc7 19. Bxd6 Qxd6 20. Rfb1 f6 21. Nf3 Rab8 22. Rb4 Rb6 23. Nd2 Qc6 24. Nxe4 fxe4 25. Qa2 Rfb8 26. axb5 axb5 27. h3 1/2-1/2

[Event "Turkish Youth Teams U18 2024"]
[Site "Karaman"]
[Date "2024.04.21"]
[Round "3"]
[White "Tasdelen, Buket"]
[Black "Cetinavci, Irmak"]
[Result "1/2-1/2"]
[ECO "C01"]
[WhiteElo "1495"]
[BlackElo "1607"]
[Annotator "NA COMBH"]
[PlyCount "77"]
[EventDate "2024.04.21"]
[EventType "team-tourn"]
[EventCountry "TUR"]
[SourceTitle "playchess.com"]
[Source "ChessBase"]
[SourceQuality "1"]
[TimeControl "5400+30"]

1. e4 e6 2. d4 d5 3. exd5 exd5 4. Bd3 Nf6 5. Bf4 Be7 6. Nf3 O-O 7. O-O Bg4 8. Nbd2 Nbd7 9. c3 c6 10. Qc2 Bxf3 11. Nxf3 h6 12. Rfe1 Rc8 13. Qa4 Ra8 14. Ne5 Nxe5 15. Bxe5 Re8 16. Qb3 Qd7 17. h3 Nh7 18. Qc2 Ng5 19. Bf5 Ne6 20. Bxe6 fxe6 21. Qg6 Bd6 22. Bxd6 Qxd6 23. Re5 Re7 24. Rae1 Rae8 25. R1e3 b6 26. Rh5 Kh8 27. Rg3 Qf4 28. Qg5 Qxg5 29. Rgxg5 Rf7 30. Re5 Rf6 31. Re2 Kg8 32. Rhe5 Kf7 33. f3 Ke7 34. Kf2 Kd7 35. h4 Rc8 36. g3 Rcf8 37. f4 Rc8 38. Kf3 c5 39. Rd2 1/2-1/2

[Event "Turkish Youth Teams U18 2024"]
[Site "Karaman"]
[Date "2024.04.21"]
[Round "3"]
[White "Kilic, Melis"]
[Black "Engel, Ecrin Tuana"]
[Result "0-1"]
[ECO "E68"]
[WhiteElo "1455"]
[BlackElo "1619"]
[Annotator "NA RC COMBH"]
[PlyCount "130"]
[EventDate "2024.04.21"]
[EventType "team-tourn"]
[EventCountry "TUR"]
[SourceTitle "playchess.com"]
[Source "ChessBase"]
[SourceQuality "1"]
[TimeControl "5400+30"]

1. c4 Nf6 2. Nf3 g6 3. g3 Bg7 4. Bg2 O-O 5. O-O d6 6. d4 Nbd7 7. Nc3 e5 8. b3 Re8 9. Bb2 c6 10. e4 Qc7 11. Qc2 Nf8 12. Rfd1 Bg4 13. d5 Qc8 14. Re1 h5 15. a3 N8h7 16. Ng5 Nxg5 17. Bc1 Nfh7 18. Bxg5 Bd7 19. Be3 Qd8 20. Qd2 Qc8 21. h4 Bh3 22. f3 Bxg2 23. Kxg2 Qd7 24. Bh6 Rac8 25. Bxg7 Kxg7 26. b4 Qc7 27. b5 Nf6 28. Nd1 Ng4 29. Nf2 Nxf2 30. Qxf2 Qe7 31. Re3 Qf6 32. f4 exf4 33. gxf4 Qd4 34. Rf1 Qxc4 35. e5 dxe5 36. fxe5 Qxd5+ 37. Rf3 Rxe5 38. Kh2 Rf5 39. Rxf5 Qxf5 40. Qg2 Qe5+ 41. Kh1 Rc7 42. Qf3 Qe7 43. Qc3+ Kh7 44. Qg3 Qe4+ 45. Kh2 Qe5 46. Rf4 Re7 47. Kg2 Qe2+ 48. Kh1 Qe1+ 49. Qxe1 Rxe1+ 50. Kg2 Kg7 51. Rf3 Re4 52. Rd3 Rd4 53. Re3 Kf8 54. Rf3 Ke7 55. Re3+ Kd7 56. Rf3 Rxh4 57. Rxf7+ Kc8 58. Rg7 c5 59. Rxg6 Rg4+ 60. Rxg4 hxg4 61. Kg3 c4 62. Kxg4 c3 63. Kg5 c2 64. Kf5 c1=Q 65. Kf6 Qe3 0-1

[Event "Turkish Youth Teams U18 2024"]
[Site "Karaman"]
[Date "2024.04.21"]
[Round "3"]
[White "Cetinavci, Duru"]
[Black "Tasdelen, Asuman Betul"]
[Result "1-0"]
[ECO "C55"]
[WhiteElo "1449"]
[BlackElo "1425"]
[Annotator "NA RC COMBH"]
[PlyCount "63"]
[EventDate "2024.04.21"]
[EventType "team-tourn"]
[EventCountry "TUR"]
[SourceTitle "playchess.com"]
[Source "ChessBase"]
[SourceQuality "1"]
[TimeControl "5400+30"]

1. e4 e5 2. Nf3 Nf6 3. Nc3 Nc6 4. Bc4 Be7 5. d3 Bb4 6. Bd2 d6 7. h3 h6 8. O-O Be6 9. Bxe6 fxe6 10. Ne2 Bc5 11. Ng3 Qd7 12. a3 O-O-O 13. b4 Bb6 14. c4 Nd4 15. Nxd4 Bxd4 16. Rb1 g5 17. Ne2 Bb6 18. a4 a6 19. b5 axb5 20. axb5 c6 21. Qa4 Kc7 22. Ba5 c5 23. Bxb6+ Kxb6 24. Ra1 Ra8 25. Qxa8 Rxa8 26. Rxa8 Ne8 27. Nc3 d5 28. exd5 Nf6 29. Na4+ Kc7 30. Nxc5 Qe7 31. Nxe6+ Kd6 32. Rd8+ 1-0